 Dungeon Crawl Stone Soup version 0.19-b1-5-gdc9fa9d (webtiles) character file.

109 Gets the Cudgeler (level 4, -6/35 HPs)
             Began as a Demonspawn Gladiator on Oct 31, 2016.
             Killed by nerve-wracking pain
             ... invoked by an orc priest
              (7 damage)
             ... on level 3 of the Dungeon.
             The game lasted 00:02:38 (1926 turns).

Gets the Cudgeler (Demonspawn Gladiator)            Turns: 1926, Time: 00:02:39

Health: -6/35      AC:  3    Str: 21    XL:     4   Next: 59%
Magic:  4/4        EV: 13    Int:  9    God:
Gold:   92         SH:  0    Dex: 14    Spells: 0 memorised, 3 levels left

rFire  . . .     SeeInvis .     a - +0 flail
rCold  . . .     Gourm    .     b - +0 leather armour
rNeg   . . .     Faith    .     (no shield)
rPois  .         Spirit   .     (helmet restricted)
rElec  .         Reflect  .     (no cloak)
rCorr  .         Harm     .     (no gloves)
MR     .....                    (no boots)
Stlth  +.........               (no amulet)
                                (no ring)
                                (no ring)

@: mighty, drained
A: antennae 1, claws 1, talons 1
a: no special abilities


You were on level 3 of the Dungeon.
You were not hungry.

You visited 1 branch of the dungeon, and saw 3 of its levels.

You collected 92 gold pieces.

Inventory:

Hand Weapons
 a - a +0 flail (weapon)
Missiles
 d - 3 throwing nets (quivered)
Armour
 b - a +0 leather armour (worn)
Scrolls
 c - a scroll of enchant armour {unknown}
 e - 5 scrolls of identify {unknown}
 i - 2 scrolls of random uselessness {unknown}
 k - a scroll of amnesia {unknown}
 l - a scroll of fog {unknown}
 m - a scroll of teleportation {unknown}
 n - 2 scrolls of remove curse {unknown}
Potions
 g - 4 potions of curing {unknown}
 h - a potion of brilliance {unknown}
Comestibles
 f - 2 bread rations


   Skills:
 * Level 3.2(2.6) Fighting
 + Level 3.3(2.8) Maces & Flails
 - Level 1.7(1.2) Throwing
 + Level 1.6(1.1) Armour
 + Level 3.2(2.7) Dodging


You had 3 spell levels left.
You didn't know any spells.

Dungeon Overview and Level Annotations

Branches:
Dungeon (3/15)

Altars:
The Shining One


Innate Abilities, Weirdness & Mutations

You have a pair of small antennae on your head.
You have sharp fingernails.
You have sharp toenails.


Message History

The orc hits you but does no damage. The orc barely misses you.
Items here: ! ) [ † a white potion; a flail; a ring mail; an orc corpse You sock the orc!
You kill the orc!
The orc wizard casts a cantrip, but nothing happens.
The orc priest casts a cantrip, but nothing happens.
A frilled lizard comes into view.
The orc priest misses you.
The orc wizard mumbles some strange words.
The orc wizard seems to speed up.
The frilled lizard hisses angrily.
You see here a trident.
You closely miss the orc priest. The orc priest hits you with a war axe!
* * * LOW HITPOINT WARNING * * *
You closely miss the orc priest. Your kick misses the orc priest.
The orc priest calls down the wrath of Beogh upon you.
Pain shoots through your body!
You die...

####### .#)....## .
........## .. ........>#
... ....<...<# ..$.
.........##### .....
.............######......
.........###..[!@oo...!..
........## #######.g.....
.#.....## .....%.
..###### ....$.. #.
.....%. # ....... .......
....g.#


You could see an orc priest, an orc wizard and a hobgoblin.

Vanquished Creatures
  Ijyb (D:3)
  2 adders (D:2)
  A worm (D:2)
  2 dart slugs (D:1)
  2 leopard geckos (D:2)
  3 orcs (D:3)
  2 ball pythons (D:2)
  5 bats
  3 giant cockroaches
  6 goblins
  9 hobgoblins
  2 jackals (D:2)
  6 kobolds
  A quokka (D:2)
  A frilled lizard (D:2)
  5 rats
51 creatures vanquished.

Notes
Turn   | Place    | Note
-------+----------+-------------------------------------------
     0 | D:1      | Gets the Demonspawn Gladiator began the quest for the Orb.
     0 | D:1      | Reached XP level 1. HP: 16/16 MP: 1/1
   121 | D:1      | Gained mutation: You have a pair of small antennae on your head. [demonic ancestry]
   121 | D:1      | Reached XP level 2. HP: 12/22 MP: 2/2
   716 | D:2      | Reached skill level 1 in Armour
   775 | D:2      | Gained mutation: You have sharp fingernails. [demonic ancestry]
   775 | D:2      | Reached XP level 3. HP: 25/28 MP: 3/3
  1079 | D:2      | Found a glowing golden altar of the Shining One.
  1381 | D:2      | Gained mutation: You have sharp toenails. [demonic ancestry]
  1381 | D:2      | Reached XP level 4. HP: 17/34 MP: 4/4
  1908 | D:3      | Noticed Ijyb
  1921 | D:3      | Killed Ijyb
  1925 | D:3      | HP: 1/35 [orc priest/war axe (7)]
  1926 | D:3      | Killed from afar by an orc priest

Skill      XL: |  1  2  3  4 |
---------------+-------------+-----
Dodging        | 3 |  3.2
Armour         | 1 |  1.6
Maces & Flails | 3 |  3.3
Fighting       | 3 |  3.2
Throwing       | |  1.7

Action                   |  1- 3 |  4- 6 || total
-------------------------+-------+-------++-------
Melee: Flail             |   105 |    29 ||   134
       Kick              |       |     5 ||     5
  Use: Potion            |       |     1 ||     1
 Stab: Sleeping          |     1 |       ||     1
  Eat: Meat ration       |       |     1 ||     1
Armor: Leather armour    |    34 |    12 ||    46
Dodge: Dodged            |    83 |    17 ||   100
